 Dungeon Crawl Stone Soup version 0.28-a0-60-g54b5640690 (webtiles) character file.

Game seed: 14391973510455463326

70 quinnr the Gusty (level 4, 0/24 HPs)
             Began as a Tengu Air Elementalist on July 31, 2021.
             Killed from afar by Sigmund (8 damage)
             ... with a magic dart
             ... on level 2 of the Dungeon.
             The game lasted 00:05:38 (2363 turns).

quinnr the Gusty (Tengu Air Elementalist)           Turns: 2363, Time: 00:05:39

Health: 0/24       AC:  2    Str:  8    XL:     4   Next: 22%
Magic:  7/8        EV: 12    Int: 17    God:
Gold:   67         SH:  0    Dex: 14    Spells: 6/7 levels left

rFire   . . .      SeeInvis .   (no weapon)
rCold   . . .      Faith    .   (no shield)
rNeg    . . .      Spirit   .   a - +0 robe
rPois   .          Reflect  .   (helmet restricted)
rElec   .          Harm     .   (no cloak)
rCorr   .          Rampage  .   (no gloves)
Will    .....                   (boots unavailable)
Stlth   ++........              (no amulet)
HPRegen 0.08/turn               (no ring)
MPRegen 0.11/turn               (no ring)

@: no status effects
A: beak, talons 3
a: no special abilities


You were on level 2 of the Dungeon.
You visited 1 branch of the dungeon, and saw 2 of its levels.

You collected 67 gold pieces.

Inventory:

Armour
 a - a +0 robe (worn)
Scrolls
 c - a scroll of fog {unknown}
 d - a scroll of amnesia {unknown}
 f - a scroll of enchant weapon
 g - a scroll of teleportation {unknown}
 h - a scroll of noise {unknown}
 i - a scroll of identify {unknown}
Potions
 b - a potion of curing
 e - a potion of lignification {unknown}


   Skills:
 - Level 2.1 Dodging
 - Level 2.0 Stealth
 - Level 2.0 Spellcasting
 - Level 1.3 Conjurations
 * Level 6.6 Air Magic


You had 6 spell levels left.
You knew the following spells:

 Your Spells              Type           Power      Damage    Failure   Level
a - Shock                 Conj/Air       60%        1d6       3%          1

Your spell library contained the following spells:

 Spells                   Type           Power      Damage    Failure   Level
 Swiftness                Air            24%        N/A       3%          3
 Static Discharge         Conj/Air       15%        N/A       6%          2
 Airstrike                Air            12%        N/A       13%         4
 Passwall                 Tmut/Erth      0%         N/A       28%         2
 Invisibility             Hex            0%         N/A       100%        6


Dungeon Overview and Level Annotations

Branches:
Dungeon (2/15)

Altars:

Annotations:
D:2 Sigmund


Innate Abilities, Weirdness & Mutations

You have a beak for a mouth.
You have claws for feet.


Message History

Sigmund is nearby!
The zap hits Sigmund.
Sigmund is lightly wounded.
Unknown command.
Sigmund drinks a potion.
Sigmund suddenly seems more resistant.
Casting: Shock (safe; 3% risk of failure)
Confirm with . or Enter, or press ? or * to list all spells.
Aiming: Shock (safe; 3% risk of failure)
Press: ? - help, Shift-Dir - straight line, p - Sigmund The zap hits Sigmund.
Sigmund resists.
Sigmund is lightly wounded.
The zap hits Sigmund.
Sigmund resists.
Sigmund is lightly wounded.
Unknown command.
Sigmund casts a spell at you. The puff of flame hits you.
Sigmund gestures at you while chanting. The magic dart hits you.
Casting: Shock (safe; 3% risk of failure)
Confirm with . or Enter, or press ? or * to list all spells.
Aiming: Shock (safe; 3% risk of failure)
Press: ? - help, Shift-Dir - straight line The zap misses Sigmund.
The zap hits Sigmund.
Sigmund resists.
Sigmund is lightly wounded.
Sigmund casts a spell.
Sigmund flickers and vanishes!
Deactivating autopickup; reactivate with Ctrl-A.
As you read the scroll labelled UWUASA MAIVU, it crumbles to dust.
It is a scroll of enchant weapon.
You aren't carrying any weapons that can be enchanted.
A magic dart appears from out of thin air!
The magic dart hits you.
Okay, then.
A magic dart appears from out of thin air!
The magic dart hits you.
* * * LOW HITPOINT WARNING * * *
You feel better.
A magic dart appears from out of thin air!
The magic dart hits you!
You die...

#.#############.#'###
#.###†.......#### # #
#.#..#......#.# .
#.#...#....#..# ##
#.#....#..#...#
#.#.....##....# ####
#.#.....##....# #...
#.##..###.#...# ##†##
#@##@.# #..#..# #...#
#.##..# #...#.###...#
#.##..# #....##.....#
#..{..# #....)#.....#
####.####...#..#....#
#...##..#....#...#
######.#......#..#
#.........###
###########


There were no monsters in sight!

Vanquished Creatures
  Natasha (D:2)
  A worm (D:2)
  A dart slug (D:1)
  4 endoplasms
  2 giant cockroaches (D:1)
  5 goblins
  3 hobgoblins (D:1)
  3 jackals (D:2)
  2 quokkas
  2 ball pythons (D:1)
  3 bats
  4 frilled lizards
  3 kobolds
  2 rats (D:1)
36 creatures vanquished.

Notes
Turn   | Place    | Note
-------+----------+-------------------------------------------
     0 | D:1      | quinnr the Tengu Air Elementalist began the quest for the
                  | Orb.
     0 | D:1      | Reached XP level 1. HP: 10/10 MP: 4/4
   405 | D:1      | Reached XP level 2. HP: 13/15 MP: 1/6
   644 | D:1      | Reached skill level 5 in Air Magic
   697 | D:1      | Found a faded altar of an unknown god.
  1218 | D:1      | Reached XP level 3. HP: 16/19 MP: 0/7
  1651 | D:2      | Noticed Natasha
  1665 | D:2      | Killed Natasha
  1666 | D:2      | Reached skill level 6 in Air Magic
  1666 | D:2      | Reached XP level 4. HP: 10/24 MP: 3/8
  1935 | D:2      | Noticed Sigmund
  2362 | D:2      | HP: 2/24 [something/magic dart (6)]
  2363 | D:2      | Killed from afar by Sigmund

Illustrated notes

Levels and vault maps discovered:
D:1:      scummos_arrival_simple_crosswalls, layout_basic,
          shapermc_ecumenical_altar_starsandcircs
D:2:      minmay_skewed_foursquare, layout_basic, hangedman_decor_slide_cut,
          uniq_natasha, uniq_sigmund

Skill      XL: |  1  2  3 |
---------------+----------+-----
Air Magic      | 5 6 |  6.6
Dodging        | |  2.1
Stealth        | |  2.0
Spellcasting   | |  2.0
Conjurations   | |  1.3

Action                   |  1- 3 |  4- 6 || total
-------------------------+-------+-------++-------
Melee: Unarmed           |     8 |       ||     8
       Kick              |     1 |       ||     1
 Cast: Shock             |    66 |    28 ||    94
  Use: Potion            |       |     3 ||     3
       Scroll            |       |     1 ||     1
Armor: Robe              |     4 |     1 ||     5
Dodge: Dodged            |    15 |     6 ||    21

Table legend: (Time is in decaauts)
 A = Elapsed time spent in this place.
 B = Non-inter-level travel time spent in this place.
 C = Inter-level travel time spent in this place.
 D = Time resting spent in this place.
 E = Time spent auto-exploring this place.
 F = Levels seen in this place.
 G = Mean time per level.
                   A        B        C        D        E       F      G
               +--------+--------+--------+--------+--------+-----+--------+
         Total |   2369 |   2330 |     39 |    279 |   1784 |   2 | 1184.5 |
       Dungeon |   2369 |   2330 |     39 |    279 |   1784 |   2 | 1184.5 |
               +--------+--------+--------+--------+--------+-----+--------+

Top non-repeatable levels by time:
     D:1: 1568 daAuts
     D:2: 800 daAuts
